 Dungeon Crawl Stone Soup version bcrawl-1.22 (webtiles) character file.

Game seed: 5339666422854081945

383 Freyura the Shield-Bearer (level 6, -11/39 HPs)
             Began as a Gargoyle Fighter on May 17, 2020.
             Was an Initiate of Ashenzari.
             Mangled by an ogre
             ... wielding a +0 giant club
              (23 damage)
             ... on level 4 of the Dungeon.
             The game lasted 00:07:43 (3194 turns).

Freyura the Shield-Bearer (Gargoyle Fighter)        Turns: 3194, Time: 00:07:43

Health: -11/39     AC: 19    Str: 19    XL:     6   Next: 76%
Magic:  6/6        EV:  7    Int:  9    God:    Ashenzari [......]
Gold:   342        SH:  9    Dex: 11    Spells: 5/5 levels left

rFire    . . .     SeeInvis .   y - +2 mace (protect) (curse)
rCold    . . .     Gourm    .   c - +0 medium shield (curse)
rNeg     + . .     Faith    .   b - +0 scale mail
rPois    ∞         Spirit   .   (no helmet)
rElec    +         Reflect  .   n - +0 cloak
rCorr    .         Harm     .   (no gloves)
MR       .....                  (no boots)
Stlth    ..........             (no amulet)
HPRegen  0.13/turn              (no ring)
MPRegen  0.10/turn              (no ring)

@: protection aura
A: negative energy resistance 1, electricity resistance, unbreathing,
petrification resistance, rot immunity, AC +4
a: Curse Item, Renounce Religion


You were on level 4 of the Dungeon.
You worshipped Ashenzari.
Ashenzari was noncommittal.
You were not hungry.

You visited 2 branches of the dungeon, and saw 5 of its levels.

You collected 342 gold pieces.

Inventory:

Hand Weapons
 y - a cursed +2 mace of protection (weapon)
Armour
 b - a +0 scale mail (worn)
 c - a cursed +0 medium shield (worn)
 n - a +0 cloak (worn)
Scrolls
 g - 3 scrolls of magic mapping {unknown}
 i - 2 scrolls of teleportation {unknown}
 j - a scroll of enchant weapon {unknown}
 m - 3 scrolls of identify {unknown}
 o - a scroll of fear {unknown}
 r - 4 scrolls of blinking {unknown}
 t - a scroll of amnesia {unknown}
 v - 2 scrolls of remove curse {unknown}
 w - a scroll of fog {unknown}
 x - a scroll of enchant armour {unknown}
Potions
 a - a potion of lignification {unknown}
 d - a potion of might
 f - a potion of cancellation {unknown}
 h - 2 potions of invisibility {unknown}
 k - 2 potions of heal wounds {unknown}
 l - a potion of berserk rage {unknown}
 p - 2 potions of agility {unknown}
 q - 3 potions of curing {unknown}
 s - a potion of degeneration {unknown}
 u - a potion of brilliance {unknown}
Comestibles
 e - 9 rations {!d}


   Skills:
 + Level 4.6 Fighting
 * Level 4.6 Maces & Flails
 + Level 4.6 Armour
 + Level 4.6 Shields


You had 5 spell levels left.
You didn't know any spells.
Your spell library was empty.

Dungeon Overview and Level Annotations

Branches:
Dungeon (4/12)             Temple (1/1) D:4

Altars:
Ashenzari
Elyvilon
Fedhas
Gozag
Hepliaklqana
Kikubaaqudgha
Lugonu
Makhleb
Nemelex Xobeh
Ru
Sif Muna
Trog
Uskayaw
Vehumet
Xom
Yredelemnul
Zin

Shops:
D:4 *(


Innate Abilities, Weirdness & Mutations

You are resistant to torment.
Your stone body is resilient. (AC +4)
You are immune to poison.
You resist negative energy. (rN+)
You are resistant to electric shocks. (rElec)
You can survive without breathing.
You are immune to petrification.
You are immune to rotting.


Message History

You hit the ogre but do no damage.
Your weapon exudes an aura of protection.
You block the ogre's attack.
You hit the ogre.
The ogre is lightly wounded.
You block the ogre's attack.
You hit the ogre.
The ogre is moderately wounded.
The ogre barely misses you.
You barely miss the ogre.
The ogre is moderately wounded.
You block the ogre's attack.
You hit the ogre.
The ogre is heavily wounded.
The ogre hits you but does no damage.
You sock the ogre!
The ogre is almost dead.
The ogre hits you with a +0 giant club!!
Ouch! That really hurt!
You die...

#.............#.....#...#...
#.............#.........#...
######.............##..#######...
...<.......#####....#..# ####
...........# #....# .. #
...........# #....# #
...........# #....# #
######.....# #....# # #.....#
#@...# # #.....# #O...# # #######
#.......# # #.......# # #.......#
# #.......# # #.......# ##
#.......# #. #.


You could see an ogre.

Vanquished Creatures
  A phantom (D:4)
  A killer bee (D:4)
  A crimson imp (D:3)
  An iguana (D:3)
  An orc wizard (D:3)
  4 gnolls (D:3)
  3 adders
  An ooze (D:3)
  A worm (D:3)
  4 dart slugs
  3 leopard geckos
  14 orcs
  A ball python (D:2)
  7 bats
  3 giant cockroaches
  7 goblins
  7 hobgoblins
  2 jackals (D:4)
  6 kobolds
  2 quokkas
  6 frilled lizards
  6 rats
82 creatures vanquished.

Notes
Turn   | Place    | Note
-------+----------+-------------------------------------------
     0 | D:1      | Freyura the Gargoyle Fighter began the quest for the Orb.
     0 | D:1      | Reached XP level 1. HP: 14/14 MP: 1/1
   133 | D:1      | Reached XP level 2. HP: 19/19 MP: 2/2
   799 | D:2      | Reached XP level 3. HP: 23/23 MP: 3/3
   869 | D:2      | Found a radiant altar of Vehumet.
  1546 | D:3      | Reached XP level 4. HP: 28/29 MP: 4/4
  2001 | D:3      | Reached XP level 5. HP: 33/33 MP: 5/5
  2298 | D:3      | Reached XP level 6. HP: 32/39 MP: 6/6
  2689 | D:4      | Found a sacrificial altar of Ru.
  2936 | D:4      | Noticed a phantom
  2939 | D:4      | Found Ezummiq's Assorted Antiques.
  2967 | D:4      | Killed a phantom
  3000 | D:4      | Found Tiagotry's Weapon Boutique.
  3079 | D:4      | Found a staircase to the Ecumenical Temple.
  3119 | Temple   | Entered the Ecumenical Temple
  3139 | Temple   | Became a worshipper of Ashenzari the Shackled
  3194 | D:4      | Mangled by an ogre

Skill      XL: |  1  2  3  4  5 |
---------------+----------------+-----
Maces & Flails | 3 4 |  4.6
Fighting       | 4 |  4.6
Shields        | 4 |  4.6
Armour         | 4 |  4.6

Action                   |  1- 3 |  4- 6 || total
-------------------------+-------+-------++-------
Melee: Flail             |   202 |   204 ||   406
       Mace              |       |    26 ||    26
Invok: Curse Item        |       |     2 ||     2
  Eat: Chunk             |     2 |     6 ||     8
Armor: Scale mail        |   123 |   122 ||   245
Dodge: Dodged            |    75 |    63 ||   138
Block: Medium shield     |   117 |   107 ||   224
